 Dungeon Crawl Stone Soup version 0.31.0-11-ge490571c62 (webtiles) character file.

Game seed: 523106040205111737

29300 hikkokomori the Blocker (level 13, 0/108 HPs)
             Began as a Formicid Fighter on Feb 1, 2024.
             Was an Initiate of Gozag.
             Slain by a basilisk (2 damage)
             ... while petrified by a basilisk
             ... on level 12 of the Dungeon.
             The game lasted 00:27:01 (15476 turns).

hikkokomori the Blocker (Formicid Fighter)         Turns: 15476, Time: 00:27:02

Health: 0/108      AC: 11    Str: 24    XL:     13   Next: 80%
Magic:  20/20      EV:  2    Int:  8    God:    Gozag
Gold:   2594       SH:  0    Dex: 18    Spells: 15/22 levels left

rFire   + . .        d - +0 executioner's axe (flame)
rCold   . . .        r - +1 kite shield
rNeg    + + +        j - +1 scale mail "Tayfuacs" {rF+ Dex+3}
rPois   ∞            (helmet unavailable)
rElec   .            b - scarf {repulsion}
rCorr   .            Q - +0 pair of gloves
SInv    +            (no boots)
Will    +....        H - amulet of regeneration Stlth
                     p - +5 ring of evasion
HPRegen 1.18/turn    F - ring of wizardry
MPRegen 0.17/turn

%: repel missiles, wizardry (x1)
@: petrified, gold aura
A: permanent stasis, dig shafts and tunnels, antennae 3, four strong arms
a: Dig, Shaft Self, Renounce Religion, Potion Petition, Call Merchant, Bribe
Branch


You were on level 12 of the Dungeon.
You worshipped Gozag.
Gozag was most pleased with you.
You visited 3 branches of the dungeon, and saw 16 of its levels.
You also visited: Sewer.

You collected 3386 gold pieces.
You paid 792 gold pieces to Gozag.

Inventory:

Hand Weapons
 d - a +0 executioner's axe of flaming (weapon)
 x - a +0 battleaxe
 z - a +0 arbalest
Missiles
 l - 10 curare-tipped darts
 o - 9 javelins
 y - 28 poisoned darts
 I - 14 darts of dispersal
Armour
 b - a scarf of repulsion (worn)
 j - the +1 scale mail "Tayfuacs" (worn) {rF+ Dex+3}
   (You found it on level 2 of the Dungeon)

   Dex+3:     It affects your dexterity (+3).
   rF+:       It protects you from fire.
 n - a +2 ring mail of cold resistance
 r - a +1 kite shield (worn)
 v - a +2 leather armour of poison resistance
 D - the +0 ring mail of a bailey {rF+ rC+ Stlth+}
   (You found it on level 7 of the Dungeon)

   rF+:       It protects you from fire.
   rC+:       It protects you from cold.
   Stlth+:    It makes you more stealthy.
 Q - a +0 pair of gloves (worn)
Jewellery
 a - a ring of resist corrosion
 p - a +5 ring of evasion (left hand)
 u - a +6 ring of intelligence
 F - a ring of wizardry (right hand)
 H - an amulet of regeneration (around neck)
Wands
 K - a wand of polymorph (14)
 O - a wand of flame (5) (quivered)
Scrolls
 h - 3 scrolls of teleportation
 s - 4 scrolls of blinking
 B - a scroll of amnesia
 E - 2 scrolls of fog
 J - a scroll of fear {unknown}
 L - a scroll of silence
 M - a scroll of poison {unknown}
 N - 3 scrolls of revelation
 R - a scroll of immolation
Potions
 e - 3 potions of brilliance
 f - 2 potions of magic
 g - 3 potions of curing
 i - 2 potions of attraction
 k - 2 potions of might
 t - 2 potions of degeneration
 w - a potion of heal wounds
 A - 2 potions of invisibility
 C - a potion of enlightenment {unknown}
 G - a potion of cancellation {unknown}
 P - a potion of berserk rage
Miscellaneous
 c - a lightning rod (4/4)


   Skills:
 + Level 12.0 Fighting
 + Level 10.8 Axes
 - Level 4.3 Throwing
 - Level 10.0 Armour
 + Level 5.5 Dodging
 + Level 14.1 Shields
 - Level 5.2 Spellcasting
 + Level 1.7 Translocations
 + Level 4.3 Evocations


You had 15 spell levels left.
You knew the following spells:

 Your Spells              Type           Power      Damage    Failure   Level
a - Passwall              Erth           2%         N/A       65%         3
b - Passage of Golubria   Tloc           4%         N/A       82%         4

Your spell library contained the following spells:

 Spells                   Type           Power      Damage    Failure   Level
 Sandblast                Erth           4%         2d4       32%         1
 Ensorcelled Hibernation  Hex/Ice        4%         N/A       43%         2
 Volatile Blastmotes      Fire/Tloc      6%         2d10      54%         3
 Inner Flame              Hex/Fire       2%         N/A       65%         3
 Stone Arrow              Conj/Erth      4%         3d7       65%         3
 Tukima's Dance           Hex            2%         N/A       65%         3
 Iskenderun's Mystic Bla  Conj/Tloc      3%         2d3       90%         4
 Brom's Barrelling Bould  Conj/Erth      2%         2d3       96%         4
 Flame Wave               Conj/Fire      2%         2d4       96%         4
 Fulminant Prism          Conj/Alch      1%         3d5       96%         4
 Sticky Flame             Fire/Alch      2%         2d4       96%         4
 Summon Forest            Summ/Tloc      1%         N/A       99%         5
 Summon Mana Viper        Hex/Summ       2%         N/A       100%        5
 Yara's Violent Unravell  Hex/Alch       1%         3d3       100%        5
 Summon Cactus Giant      Summ           1%         N/A       100%        6
 Swiftness                Air            Unusable   N/A       N/A         3

Dungeon Overview and Level Annotations

Branches:
Dungeon (12/15)            Temple (1/1) D:7            Lair (3/5) D:8
 Shoals (0/4) Lair:3       Spider (0/4) Lair:2          Orc (0/2) D:12
  Sewer (visited)

Altars:
Ashenzari
Cheibriados
Dithmenos
Elyvilon
Fedhas
Gozag
Hepliaklqana
Kikubaaqudgha
Makhleb
Nemelex Xobeh
Okawaru
Qazlal
Ru
Sif Muna
Trog
Uskayaw
Vehumet
Wu Jian
Xom
Yredelemnul
Zin
The Shining One

Shops:
D:9 *   D:11 [   Lair:1 (

Annotations:
D:10 3 runed translucent doors, booth's ghost, journeyman HOMo


Innate Abilities, Weirdness & Mutations

You cannot be hasted, slowed, berserked, paralysed or teleported.
You can dig through walls and to a lower floor.
You have a pair of large antennae on your head. (SInv)
Your four strong arms can wield two-handed weapons with a shield.


Message History

You slash the troll! You burn the troll.
The troll is almost dead.
You barely miss the cyan ugly thing. You hit the basilisk.
You burn the basilisk.
The cyan ugly thing tentacle-slaps you but does no damage.
The troll bites you!
The troll claws you but does no damage. x2
You block the basilisk's attack. You block the cyan ugly thing's attack.
The troll bites you!
* * * LOW HITPOINT WARNING * * *
You block the troll's attack. The troll claws you but does no damage.
You hit the troll. You burn the troll.
You kill the troll!
You slash the cyan ugly thing! You burn the cyan ugly thing.
You closely miss the basilisk. The basilisk gazes at you.
You are slowing down.
You block the cyan ugly thing's attack. The basilisk closely misses you.
Unknown command.
You hit the basilisk but do no damage.
The basilisk is lightly wounded.
You closely miss the cyan ugly thing.
The cyan ugly thing is distracted by your dazzling golden aura.
The basilisk gazes at you.
You easily resist.
The basilisk misses you.
You have turned to stone.
The cyan ugly thing is no longer distracted by gold.
The basilisk bites you.
* * * LOW HITPOINT WARNING * * *
The cyan ugly thing tentacle-slaps you.
* * * LOW HITPOINT WARNING * * *
The cyan ugly thing shocks you!
* * * LOW HITPOINT WARNING * * *
The basilisk bites you!
* * * LOW HITPOINT WARNING * * *
The cyan ugly thing tentacle-slaps you!
* * * LOW HITPOINT WARNING * * *
The cyan ugly thing shocks you!
* * * LOW HITPOINT WARNING * * *
The basilisk bites you.
You die...
Your body crumbles into a pile of gold.

*,,,,,.....,,,,*...,,,,,,,,,,
*,,,,......#####....,,,****,,
***,,............###**** *,,
*,,...#.......#### *,,
*,,.............## *,,
***.............## *,,
*.............## *,,
*.......u.....##*******,,
*...?.#l@$.<.#....,,,,,,,
***.....#......#..,.,,,,,,,
*^,.....#......#..,,,,,,,,,
*,,..####......#..,,,,,,,,,
*,,..####.........,,,,,,,,,
*,,..####.........,,,,,,,,,
*,,...............,,,,,,,,,
*,,......###.......,*****,,
*,,,,,,,,* *,,,,,,,,* *,,


You could see a cyan ugly thing and a basilisk.

Vanquished Creatures
  4 hydras
  2 boulder beetles
  A skyshark (Lair:3)
  Pikel (D:6)
  An oklob plant (Lair:1)
  A cyclops (Lair:3)
  3 black mambas
  A torpor snail (Lair:3)
  4 komodo dragons
  7 cane toads
  An unseen horror (D:10)
  2 rime drakes
  3 trolls
  A hornet (Lair:3)
  A polar bear (Lair:3)
  12 blink frogs
  Prince Ribbit (D:6)
  Grinder (D:6)
  5 dream sheep
  Sigmund (D:4)
  3 wraiths
  2 wyverns
  38 yaks
  Eustachio (D:6)
  2 basilisks (Lair:3)
  15 steam dragons
  3 vampire mosquitoes (D:11)
  Menkaure (D:5)
  An acid dragon (Lair:3)
  2 water moccasins
  An ice beast (D:5)
  3 orc warriors
  2 sky beasts (D:7)
  3 black bears
  5 centaurs
  4 ogres
  6 wolves (Lair:3)
  4 lemures (D:6)
  3 phantoms
  Blork the orc (D:5)
  7 kobold brigands
  7 bullfrogs
  3 scorpions
  4 wights (D:9)
  4 killer bees (D:9)
  6 howler monkeys
  A crimson imp (D:10)
  7 orc priests
  3 bombardier beetles
  A jelly (D:5)
  2 sleepcaps
  5 iguanas
  Ijyb (D:4)
  9 orc wizards
  2 gnolls (D:8)
  12 adders
  A shadow imp (D:7)
  A white imp (D:7)
  2 ufetubi (D:3)
  2 ribbon worms
  4 dart slugs
  26 orcs
  9 bats
  10 endoplasms
  3 giant cockroaches
  7 goblins
  4 hobgoblins
  7 jackals
  34 kobolds
  4 quokkas
  2 training dummies (D:5)
  7 ball pythons
  6 frilled lizards
  9 rats
365 creatures vanquished.

Vanquished Creatures (collateral kills)
  An orc priest (D:9)
1 creature vanquished.

Vanquished Creatures (others)
  A steam dragon (Lair:3)
  A howler monkey (D:8)
  An orc priest (D:9)
  2 gnolls (D:8)
5 creatures vanquished.

Grand Total: 371 creatures vanquished

Notes
Turn   | Place    | Note
-------+----------+-------------------------------------------
     0 | D:1      | hikkokomori the Formicid Fighter began the quest for the
                  | Orb.
     0 | D:1      | Reached XP level 1. HP: 18/18 MP: 1/1
    96 | D:1      | Reached XP level 2. HP: 17/24 MP: 2/2
   822 | D:2      | Found an ancient bone altar of Kikubaaqudgha.
   837 | D:2      | Reached XP level 3. HP: 29/29 MP: 3/3
  1119 | D:2      | Identified the +1 scale mail "Tayfuacs" {rF+ Dex+3}
  1328 | D:2      | Reached XP level 4. HP: 36/37 MP: 4/4
  1805 | D:3      | Reached skill level 5 in Shields
  1805 | D:3      | Reached XP level 5. HP: 34/42 MP: 5/5
  2229 | D:4      | Reached XP level 6. HP: 43/49 MP: 6/6
  2261 | D:4      | Noticed Ijyb
  2291 | D:4      | Killed Ijyb
  2580 | D:4      | Noticed Sigmund
  2593 | D:4      | Killed Sigmund
  2594 | D:4      | Reached skill level 5 in Fighting
  2594 | D:4      | Reached skill level 5 in Armour
  2594 | D:4      | Reached skill level 6 in Shields
  2594 | D:4      | Reached XP level 7. HP: 56/56 MP: 7/7
  3070 | D:5      | Entered Level 5 of the Dungeon
  3082 | D:5      | Reached XP level 8. HP: 59/63 MP: 8/8
  3376 | D:5      | Noticed Menkaure
  3387 | D:5      | Killed Menkaure
  3388 | D:5      | Reached skill level 7 in Shields
  3579 | D:5      | Found a radiant altar of Vehumet.
  3579 | D:5      | Noticed Blork the orc
  3588 | D:5      | Killed Blork the orc
  3589 | D:5      | Reached skill level 5 in Axes
  3592 | D:5      | Found an ancient bone altar of Kikubaaqudgha.
  3612 | D:5      | Learned a level 3 spell: Passwall
  4684 | D:5      | Reached skill level 8 in Shields
  4684 | D:5      | Reached XP level 9. HP: 32/71 MP: 9/9
  5066 | D:6      | Reached skill level 1 in Spellcasting
  5162 | D:6      | Noticed Eustachio
  5183 | D:6      | Killed Eustachio
  5192 | D:6      | Noticed Grinder
  5242 | D:6      | Killed Grinder
  5262 | D:6      | Noticed Prince Ribbit
  5275 | D:6      | Killed Prince Ribbit
  5276 | D:6      | Reached skill level 1 in Throwing
  5346 | D:6      | Found a glowing drain.
  5357 | Sewer    | Entered a sewer
  5611 | Sewer    | Reached skill level 9 in Shields
  6180 | D:6      | Noticed Pikel
  6194 | D:6      | Killed Pikel
  6195 | D:6      | Reached XP level 10. HP: 60/80 MP: 13/13
  6622 | D:6      | Identified a scroll of acquirement
  6719 | D:7      | Found a staircase to the Ecumenical Temple.
  6752 | Temple   | Entered the Ecumenical Temple
  6775 | Temple   | Became a worshipper of Gozag Ym Sagoz the Greedy
  6985 | D:7      | Identified the +0 ring mail of a bailey {rF+ rC+ Stlth+}
  7411 | D:8      | Reached skill level 10 in Shields
  7564 | D:8      | Found a staircase to the Lair.
  7895 | D:8      | Acquired a +0 executioner's axe of flaming
  8156 | D:9      | Reached XP level 11. HP: 76/87 MP: 14/14
  8478 | D:9      | Found Sytas's General Store.
  9116 | Lair:1   | Entered Level 1 of the Lair of Beasts
  9175 | Lair:1   | Noticed a boulder beetle
  9183 | Lair:1   | Killed a boulder beetle
  9184 | Lair:1   | Reached skill level 11 in Shields
  9613 | Lair:1   | Noticed an oklob plant
  9861 | Lair:1   | Killed an oklob plant
 10180 | Lair:1   | Found a shimmering blue altar of Sif Muna.
 10603 | Lair:2   | Reached skill level 10 in Fighting
 10606 | Lair:2   | Reached skill level 10 in Armour
 10663 | Lair:2   | Found a hole to the Spider Nest.
 10722 | Lair:2   | Noticed an eight-headed hydra
 10730 | Lair:2   | Killed a four-headed hydra
 10731 | Lair:2   | Reached skill level 1 in Dodging
 10731 | Lair:2   | Reached skill level 12 in Shields
 10731 | Lair:2   | Reached XP level 12. HP: 44/97 MP: 16/16
 10948 | Lair:2   | Noticed an eight-headed hydra
 10957 | Lair:2   | Killed a three-headed hydra
 10977 | Lair:2   | HP: 2/98 [cane toad (13)]
 12200 | Lair:3   | Noticed a five-headed hydra
 12203 | Lair:3   | Noticed a skyshark
 12214 | Lair:2   | Killed a one-headed hydra
 12448 | Lair:3   | Killed a skyshark
 12949 | Lair:3   | Reached skill level 13 in Shields
 13001 | Lair:3   | Reached skill level 5 in Spellcasting
 13016 | Lair:3   | Reached skill level 10 in Axes
 13016 | Lair:3   | Reached XP level 13. HP: 61/106 MP: 20/20
 13229 | Lair:3   | Reached skill level 1 in Evocations
 13277 | Lair:3   | Noticed an eight-headed hydra
 13286 | Lair:3   | Killed a five-headed hydra
 13852 | Lair:3   | Found a staircase to the Shoals.
 14215 | D:10     | Entered Level 10 of the Dungeon
 14279 | D:10     | Found a runed translucent gate.
 14281 | D:10     | Found a runed translucent gate.
 14281 | D:10     | Noticed booth's ghost (journeyman HOMo)
 14287 | D:10     | Reached skill level 5 in Dodging
 14389 | D:10     | Found a shimmering altar of Xom.
 14390 | D:10     | Found a burning altar of Makhleb.
 14409 | D:10     | Learned a level 4 spell: Passage of Golubria
 14546 | D:10     | Found a runed translucent gate.
 15039 | D:11     | Reached skill level 14 in Shields
 15040 | D:11     | Reached skill level 1 in Translocations
 15387 | D:11     | Found Dukodeg's Armour Boutique.
 15475 | D:12     | HP: 1/108 [cyan ugly thing (6)]
 15476 | D:12     | Slain by a basilisk

Illustrated notes

Levels and vault maps discovered:
D:1:      scummos_arrival_simple_fountains, layout_basic,
          minmay_misc_feat_secret_circle
D:2:      layout_loops_cross, basic_altar
D:3:      layout_rooms, corner_web_ring, kennysheep_another_room
D:4:      layout_basic, serial_bayou, serial_bayou_lake_a, serial_bayou_pond_b,
          serial_bayou_lagoon_a, serial_bayou_pond_a, uniq_sigmund, uniq_ijyb
D:5:      dreamdust_elfheim, layout_layer_cave, grunt_temple_overflow_open,
          uniq_blork_the_orc, uniq_menkaure
D:6:      layout_basic, serial_co_window_serial, co_window_paths_a,
          co_window_corner_a, co_window_paths_a, co_window_corner_a,
          co_window_of_opportunity_a, co_window_cross_4,
          co_window_unsneaky_path_a, co_window_2corner, co_window_4corner_a,
          glass_columns_b, glass_columns_a, glass_columns_c,
          portal_sewer_entry_d, uniq_eustachio, uniq_grinder, uniq_pikel,
          uniq_prince_ribbit1
D:7:      layout_rooms, minmay_temple_entry_stoned_glass
D:8:      layout_cave_pools, lair_entry_dummy, minmay_unpleasant_kobolds
D:9:      layout_cave_pods, enter_bailey_2, serial_shops, shop
D:10:     layout_long_grid, grunt_temple_overflow_champion_of_chaos,
          gammafunk_ghost_split
D:11:     layout_rooms, serial_shops, nicolae_diamond_shop, st_stairs_3
D:12:     layout_basic, orc_david_3, amcnicky_mini_rare_corridor_liquid,
          roderic_batcave
Temple:   hc_temple_tempest_star
Lair:1:   layout_regular_city, basic_altar, minmay_lair_oklob_items,
          nzn_sisyphean_effort
Lair:2:   layout_cave_pods, dummy_spider_entry
Lair:3:   layout_cave_shapes, mainiacjoe_shoals_entry_four_pools,
          bobbens_dragon_lair_wall, grunt_megastairs_5, lemuel_fruit_fields,
          infiniplex_staircase_pool_2

Skill      XL: |  1  2  3  4  5  6  7  8  9 10 11 12 13 |
---------------+----------------------------------------+-----
Fighting       | 4 5 6 7 8 10 11 12 | 12.0
Armour         | 4 5 6 7 8 10 | 10.0
Axes           | 3 4 5 6 7 9 10 | 10.8
Shields        | 5 6 8 9 10 12 13 14 | 14.1
Spellcasting   | 2 3 5 |  5.2
Throwing       | 2 4 |  4.3
Dodging        | 1 3 5 |  5.5
Evocations     | 4 |  4.3
Translocations | 1 |  1.7

Action                     |  1- 3 |  4- 6 |  7- 9 | 10-12 | 13-15 || total
---------------------------+-------+-------+-------+-------+-------++-------
  Melee: War axe           |    90 |   152 |    59 |       |       ||   301
         Battleaxe         |       |       |   256 |   154 |       ||   410
         Executioner's axe |       |       |       |   238 |   217 ||   455
   Fire: Arbalest          |       |       |       |     1 |       ||     1
  Throw: Javelin           |       |       |     5 |       |       ||     5
 Invoke: Call Merchant     |       |       |       |     1 |       ||     1
Ability: Dig               |       |     2 |     2 |     2 |       ||     6
  Evoke: Wand              |       |       |     1 |     6 |     7 ||    14
    Use: Potion            |       |     1 |     4 |     4 |     3 ||    12
         Scroll            |       |       |     8 |     6 |     4 ||    18
   Stab: Distracted        |       |       |       |     4 |     2 ||     6
 Armour: Scale mail        |    61 |   130 |   168 |   278 |   183 ||   820
  Dodge: Dodged            |    39 |    96 |   185 |   230 |   174 ||   724
  Block: Buckler           |    28 |    29 |    19 |       |       ||    76
         Kite shield       |       |       |   209 |   406 |   227 ||   842
